 Dungeon Crawl Stone Soup version 0.27.1 (webtiles) character file.

Game seed: 5621139262212807902

126 nxtlvl the Poker (level 5, 0/32 HPs)
             Began as a Tengu Abyssal Knight on Aug 29, 2021.
             Was a Believer of Lugonu.
             Slain by a jelly (2 damage)
             ... on level 4 of the Dungeon.
             The game lasted 00:09:31 (857 turns).

nxtlvl the Poker (Tengu Abyssal Knight)              Turns: 857, Time: 00:09:31

Health: 0/32       AC:  1    Str: 12    XL:     5   Next: 9%
Magic:  7/7        EV: 12    Int: 13    God:    Lugonu [**....]
Gold:   63         SH:  0    Dex: 14    Spells: 4/4 levels left

rFire    . . .     SeeInvis .   a - +1 spear
rCold    . . .     Faith    .   (no shield)
rNeg     . . .     Spirit   .   c - +0 ring mail
rPois    .         Reflect  .   (helmet restricted)
rElec    .         Harm     .   (no cloak)
rCorr    .         Rampage  .   (no gloves)
Will     .....                  (boots unavailable)
Stlth    +.........             (no amulet)
HPRegen  0.10/turn              (no ring)
MPRegen  0.10/turn              (no ring)

@: corroded, flying quickly and evasively, quick
A: beak, talons 3, nimble flight
a: Renounce Religion, Depart the Abyss, Bend Space


You were on level 4 of the Dungeon.
You worshipped Lugonu.
Lugonu was pleased with you.
You visited 1 branch of the dungeon, and saw 5 of its levels.
You visited the Abyss 1 time.

You collected 63 gold pieces.

Inventory:

Hand Weapons
 a - a +1 spear (weapon)
Missiles
 g - 9 sling bullets
 m - 12 poisoned darts (quivered)
Armour
 c - a +0 ring mail (worn)
Magical Staves
 i - a staff of earth
Scrolls
 d - 2 scrolls of identify {unknown}
 h - a scroll of summoning {unknown}
 j - a scroll of magic mapping {unknown}
Potions
 b - a potion of might {unknown}
 e - 2 potions of flight {unknown}
 f - a potion of degeneration {unknown}
 k - a potion of curing {unknown}
 l - a potion of mutation {unknown}


   Skills:
 - Level 3.0 Fighting
 * Level 5.6 Polearms
 - Level 2.1 Armour
 - Level 1.1 Dodging
 - Level 1.5 Invocations


You had 4 spell levels left.
You didn't know any spells.
Your spell library contained the following spells:

 Spells                   Type           Power      Damage    Failure   Level
 Ozocubu's Armour         Ice            0%         N/A       90%         3
 Ozocubu's Refrigeration  Ice            0%         4d5       100%        7


Dungeon Overview and Level Annotations

Branches:
Dungeon (5/15)
 Temple: D:4-7

Altars:
Wu Jian
Xom

Annotations:
D:3 3 runed translucent doors, pkoi's ghost, amateur MiGl
D:5 3 runed translucent doors, Myro's ghost, novice GnCj


Innate Abilities, Weirdness & Mutations

You have a beak for a mouth.
You have claws for feet.
Your magical nature lets you fly swiftly and evasively.


Message History

The hound bites you.
You hit the hound. Your kick misses the hound.
The hound is severely wounded.
The hound pauses to sniff the ground.
The hound barely misses you. x2
You barely miss the hound. You claw the hound.
You kill the hound!
Lugonu accepts your kill.
You have reached level 5!
Your magical nature develops, letting you fly swiftly and evasively.
There is an open door here.
There is a stone staircase leading up here.
l - a fizzy puce potion You see here 12 poisoned darts.
m - 12 poisoned darts Unknown command.
Unknown command.
Found 8 gold pieces.
You now have 63 gold pieces (gained 8).
There is a stone staircase leading down here.
You fly downwards.
There is a stone staircase leading up here.
Found a leather armour.
You see here a +0 leather armour.
Found an escape hatch in the ceiling.
A jelly comes into view.
The jelly quivers.
You hit the jelly.
Your hands burn!
The jelly is moderately wounded.
The jelly hits you but does no damage.
You hit the jelly. The acid corrodes you!
Your hands burn!
You claw the jelly, but do no damage.
The jelly is heavily wounded.
The jelly hits you.
You are splashed with acid!
* * * LOW HITPOINT WARNING * * *
You hit the jelly.
Your hands burn!
* * * LOW HITPOINT WARNING * * *
The jelly is severely wounded.
The jelly hits you.
You die...

..###.(#######
...........####
.#...#...รท...#
.....#.#####.....
.#####.#####<#
####..#........... .#
#.# #.# #..############
.
...#####.######..######
#
......................#
##.######.######[#####.
## #. #.# #....# #.
#.######.# #@#### ##
.........# #J# #
########## #.. # #<##
#.# #.# #.# #.#


You could see a jelly.

Vanquished Creatures
  A hound (D:3)
  6 adders
  An adder skeleton (D:4)
  2 dart slugs
  An orc (D:4)
  3 endoplasms
  2 giant cockroaches
  3 hobgoblins
  2 kobolds
  2 quokkas
  4 ball pythons
  4 bats
  3 frilled lizards
  2 goblins
  2 rats (D:3)
38 creatures vanquished.

Notes
Turn   | Place    | Note
-------+----------+-------------------------------------------
     0 | Abyss:1  | nxtlvl the Tengu Abyssal Knight began the quest for the
                  | Orb.
     0 | Abyss:1  | Reached XP level 1. HP: 14/14 MP: 3/3
    48 | Abyss:2  | Noticed a large abomination
    70 | Abyss:2  | Noticed a starcursed mass
    73 | D:1      | Escaped the Abyss
   154 | D:1      | Reached * piety under Lugonu
   189 | D:2      | Reached XP level 2. HP: 19/19 MP: 4/4
   191 | D:2      | Reached skill level 3 in Polearms
   247 | D:2      | Reached XP level 3. HP: 8/23 MP: 5/5
   299 | D:2      | Reached skill level 4 in Polearms
   352 | D:3      | Found an ornate altar of the Wu Jian Council.
   580 | D:5      | Entered Level 5 of the Dungeon
   591 | D:5      | Found a runed translucent gate.
   592 | D:5      | Found a runed translucent gate.
   593 | D:5      | Found a runed translucent gate.
   594 | D:5      | Noticed Myro's ghost (novice GnCj)
   605 | D:5      | Noticed a necrophage
   651 | D:4      | Reached XP level 4. HP: 16/28 MP: 6/6
   672 | D:3      | Found a runed translucent gate.
   672 | D:3      | Found a runed translucent gate.
   672 | D:3      | Found a runed translucent gate.
   673 | D:3      | Noticed a steam dragon
   673 | D:3      | Noticed pkoi's ghost (amateur MiGl)
   702 | D:3      | Reached skill level 5 in Polearms
   712 | D:3      | Found a shimmering altar of Xom.
   741 | D:3      | Reached ** piety under Lugonu
   775 | D:3      | Gained mutation: Your magical nature lets you fly swiftly
                  | and evasively. [Tengu growth]
   775 | D:3      | Reached XP level 5. HP: 12/32 MP: 7/7
   857 | D:4      | Slain by a jelly

Illustrated notes

Levels and vault maps discovered:
D:1:      matt_arrival_los_fun, layout_loops_ring, hangedman_decor_slide_cut
D:2:      layout_loops_ring, st_stairs_3
D:3:      layout_basic, lemuel_crystal_altar, mainiacjoe_overflow_cross_hatched,
          gammafunk_ghost_split
D:4:      layout_loops_ring, chequers_temple_overflow_statue_of_worship,
          minmay_temple_entry_proselytizer
D:5:      layout_rooms, ebering_ghost_rock_garden

Skill      XL: |  1  2  3  4 |
---------------+-------------+-----
Polearms       | 3 4 5 |  5.6
Fighting       | |  3.0
Armour         | |  2.1
Dodging        | |  1.1
Invocations    | |  1.5

Action                   |  1- 3 |  4- 6 || total
-------------------------+-------+-------++-------
Melee: Spear             |    82 |    36 ||   118
       Peck              |    10 |     2 ||    12
       Kick              |    13 |     7 ||    20
Invok: Depart the Abyss  |     1 |       ||     1
 Stab: Sleeping          |     2 |       ||     2
Armor: Leather armour    |    11 |       ||    11
       Ring mail         |       |     9 ||     9
Dodge: Dodged            |    33 |     8 ||    41
